 Dungeon Crawl Stone Soup version 0.18-a0-1570-gf60b0ab (webtiles) character file.

1015 Ijustatesigmund the Sneak (level 8, -1/54 HPs)
             Began as an Octopode Transmuter on Mar 14, 2016.
             Slain by Pikel
             ... wielding a +1 whip of flaming
              (8 damage)
             ... on level 6 of the Dungeon.
             The game lasted 00:11:53 (4573 turns).

Ijustatesigmund the Sneak (Octopode Transmuter)     Turns: 4573, Time: 00:11:54

Health: -1/54      AC:  2    Str:  9    XL:     8   Next: 21%
Magic:  8/11       EV: 19    Int: 18    God:
Gold:   327        SH:  0    Dex: 17    Spells: 4 memorised, 1 level left

rFire  . . .     SeeInvis .       - Unarmed
rCold  . . .     Gourm    .     (shield currently unavailable)
rNeg   . . .     Faith    .     (helmet currently unavailable)
rPois  x         Spirit   .     (no amulet)
rElec  .         Dismiss  .     e - ring of stealth
rCorr  .         Reflect  .     (no ring)
SustAt .         Harm     .     (no ring)
MR     .....                    (no ring)
Stlth  +++++.....               (no ring)
                                (no ring)
                                (no ring)
                                (no ring)

@: spider-form, not resistant to hostile enchantments, quite stealthy
A: almost no armour, (amphibious), 8 rings, (constrict 8), (camouflage 0),
(gelatinous body 0)
a: End Transformation


You were on level 6 of the Dungeon.
You were hungry.
You were a venomous arachnid creature.
You visited 1 branch of the dungeon, and saw 6 of its levels.

You collected 327 gold pieces.

Inventory:

Missiles
 a - 35 arrows
 y - 12 arrows of dispersal
Armour
 o - a +1 buckler
Jewellery
 d - an uncursed ring of fire
 e - a ring of stealth (left front leg)
Scrolls
 f - a scroll of recharging
 q - a scroll of blinking
 t - a scroll of remove curse
 u - 2 scrolls of amnesia
Potions
 g - a potion of resistance
 h - a potion of curing
 j - 2 potions of might
 k - a potion of lignification
 m - a potion of degeneration {unknown}
 p - a potion of flight {unknown}
 r - a potion of ambrosia {unknown}
 s - 2 potions of invisibility {unknown}
 v - a potion of cure mutation {unknown}
 x - a potion of haste {unknown}
Books
 b - a book of Changes

   Spells                             Type                      Level
   a - Beastly Appendage              Transmutation                1
   b - Sticks to Snakes               Transmutation                2
   c - Spider Form                    Transmutation/Poison         3
   d - Ice Form                       Ice/Transmutation            4
   e - Blade Hands                    Transmutation                5
Comestibles
 c - 4 bread rations
 i - 3 beef jerkies
 l - a slice of pizza
 n - a meat ration


   Skills:
 - Level 4.1 Fighting
 - Level 2.0 Dodging
 - Level 5.5 Stealth
 + Level 2.7 Shields
 - Level 5.0 Unarmed Combat
 - Level 2.0 Spellcasting
 - Level 4.8 Transmutations
 - Level 2.8 Poison Magic


You had one spell level left.
You knew the following spells:

 Your Spells              Type           Power        Failure   Level  Hunger
a - Beastly Appendage     Trmt           ###...       10%         1    #......
b - Sticks to Snakes      Trmt           ###.....     14%         2    ###....
c - Spider Form           Trmt/Pois      ###.......   32%         3    ###....
d - Ice Form              Ice/Trmt       ##......     91%         4    #####..


Dungeon Overview and Level Annotations

Branches:
Dungeon (6/15)
 Temple: D:4-7

Altars:
Ashenzari

Annotations:
D:5 Prince Ribbit
D:6 Pikel


Innate Abilities, Weirdness & Mutations

You cannot wear most types of armour.
((You are amphibious.))
You can wear up to eight rings at the same time.
((You can use your tentacles to constrict eight enemies at once.))
((Your skin changes colour to match your surroundings (Stealth).))
((Your rubbery body absorbs attacks (AC +1).))


Message History

There is a stone staircase leading up here.
Casting: Spider Form
Confirm with . or Enter, or press ? or * to list all spells.
You turn into a venomous arachnid creature.
You are feeling hungry.
The orc shouts!
You hear a shout!
Pikel zaps a wand.
The bolt of acid hits you!
Ouch! That really hurt!
The acid burns!
* * * LOW HITPOINT WARNING * * *
Drink which item? (? for menu, Esc to quit)
You feel better. Pikel hits you with a whip of flaming!
* * * LOW HITPOINT WARNING * * *
Pikel burns you.
* * * LOW HITPOINT WARNING * * *
You closely miss Pikel.
Pikel is moderately wounded.
The orc wizard shouts! x2
Pikel hits you with a whip of flaming!
You die...

... # ..# #
##.##..###o#
._..a..... #
#.#...o.#
#.#...o...#
#...K.....###
#..s......#
#.....!.#.#
#..........
#.......#.#
###..#.## #
#..... ....
.# ##.#...


You could see Pikel, a worker ant, 2 orc wizards and an orc.

Vanquished Creatures
  The ghost of kak the Chopper, an amateur DsBe of Trog (D:3)
  3 ogres (D:4)
  2 scorpions (D:5)
  2 crimson imps (D:5)
  A centaur zombie (D:3)
  A hound (D:5)
  A giant frog skeleton (D:4)
  Jessica (D:3)
  6 worker ants
  A hound skeleton (D:5)
  A gnoll (D:4)
  5 adders
  An ooze (D:1)
  2 worms
  3 dart slugs
  4 giant geckos
  12 orcs
  4 bats
  4 giant cockroaches
  13 goblins
  10 hobgoblins
  15 jackals
  2 quokkas
  5 giant newts
  A jackal zombie (D:5)
  2 kobolds (D:3)
  A quokka skeleton (D:4)
  7 rats
  A plant (D:1)
112 creatures vanquished.

Vanquished Creatures (collateral kills)
  3 gnolls (D:3)
  A hobgoblin (D:3)
4 creatures vanquished.

Grand Total: 116 creatures vanquished

Notes
Turn   | Place    | Note
--------------------------------------------------------------
     0 | D:1      | Ijustatesigmund the Octopode Transmuter began the quest for the Orb.
     0 | D:1      | Reached XP level 1. HP: 13/13 MP: 3/3
   131 | D:1      | Reached XP level 2. HP: 12/18 MP: 5/5
   135 | D:1      | Learned a level 2 spell: Sticks to Snakes
   513 | D:1      | Reached XP level 3. HP: 22/24 MP: 6/6
   797 | D:1      | Learned a level 3 spell: Spider Form
  1343 | D:2      | Reached XP level 4. HP: 15/30 MP: 7/7
  1821 | D:2      | Reached skill level 1 in Poison Magic
  2055 | D:3      | Noticed Jessica
  2063 | D:3      | Killed Jessica
  2139 | D:3      | Noticed kak's ghost (amateur DsBe)
  2146 | D:3      | Killed kak's ghost
  2146 | D:3      | Reached XP level 5. HP: 28/36 MP: 5/8
  2146 | D:3      | Reached XP level 6. HP: 32/42 MP: 5/9
  3304 | D:4      | Reached skill level 5 in Unarmed Combat
  3486 | D:4      | Reached XP level 7. HP: 22/48 MP: 1/10
  4139 | D:5      | Entered Level 5 of the Dungeon
  4168 | D:5      | Reached skill level 5 in Stealth
  4253 | D:5      | Reached XP level 8. HP: 45/54 MP: 9/11
  4267 | D:5      | Learned a level 4 spell: Ice Form
  4461 | D:5      | Reached skill level 1 in Shields
  4559 | D:5      | Noticed Pikel
  4569 | D:5      | Noticed Prince Ribbit
  4570 | D:6      | Found a shattered altar of Ashenzari.
  4573 | D:6      | Slain by Pikel

Vault maps used:
D:1:      grunt_arrival_crossed_arrows, serial_bayou_pond_a, st_stairs_9,
          kennysheep_pointless_box
D:2:      first_bread
D:3:      kennysheep_generic_room_13, uniq_jessica
D:4:      kennysheep_potato
D:5:      temple_doors_e, uniq_prince_ribbit1, uniq_pikel
D:6:      old_forge, ashenzari_altar_1

Skill      XL: |  1  2  3  4  5  6  7  8 |
---------------+-------------------------+-----
Fighting       | 2 3 4 |  4.1
Unarmed Combat | 4 5 |  5.0
Poison Magic   | 2 |  2.8
Stealth        | 2 5 |  5.5
Transmutations | 3 4 |  4.8
Shields        | 2 |  2.7
Dodging        | |  2.0
Spellcasting   | |  2.0

Action                   |  1- 3 |  4- 6 |  7- 9 || total
-------------------------+-------+-------+-------++-------
Melee: Unarmed           |    91 |   113 |   112 ||   316
 Cast: Beastly Appendage |     2 |     5 |     3 ||    10
       Sticks to Snakes  |       |    11 |       ||    11
       Spider Form       |       |     1 |     9 ||    10
  Use: Scroll            |    11 |     3 |     2 ||    16
       Potion            |       |     1 |     1 ||     2
 Stab: Sleeping          |     7 |    14 |     7 ||    28
       Distracted        |       |       |     2 ||     2
  Eat: Chunk             |     1 |     9 |     4 ||    14
